Map: Orbital Shipyard

Players

capac - Winner!

  • Race: Terran Terran
  • League: Gold

Bcblond

  • Race: Zerg Zerg
  • League: Gold

VOD

Have the link to the VOD?

Description

Time

  • Played on: Feb. 20, 2016, 4:45 p.m.
  • Length: 12:51
Show
View Real Time Build Order
Export as new Build Order

capac Terran - Winner!

Build Orders: MMM Bio 

Get SALT Encoding   

  12  0:00  SCV  
  13  0:13  SCV  
  14  0:18  Supply Depot  
  14  0:25  SCV  
  15  0:40  SCV  
  15  0:42  Barracks  
  16  0:45  Refinery  
  16  0:52  SCV  
  17  1:04  SCV  
  18  1:16  SCV  
  19  1:28  SCV  
  19  1:29  Barracks Reactor  
  20  1:42  Supply Depot  
  20  1:45  SCV  
  21  1:48  Command Center  
  21  1:57  SCV  
  22  2:06  Marine x2  
  24  2:18  Orbital Command  
  24  2:24  Marine x2  
  26  2:31  Barracks  
  26  2:42  Marine x2  
  28  2:52  Factory  
  28  2:55  SCV  
  29  3:00  Refinery  
  29  3:05  SCV  
  30  3:17  Marine x2  
  31  3:20  Barracks Tech Lab  
  31  3:24  Orbital Command  
  31  3:29  SCV  
  32  3:38  Starport, Factory Reactor  
  32  3:40  Marine x3  
  36  3:41  SCV  
  36  3:45  Stimpack  
  36  3:50  SCV  
  36  3:53  SCV  
  38  3:59  Marine x3  
  41  4:05  SCV  
  41  4:07  SCV  
  43  4:12  Supply Depot  
  43  4:21  Marine x3  
  46  4:30  SCV x2, Medivac x2  
  52  4:32  Factory Tech Lab  
  52  4:37  Supply Depot  
  52  4:42  Marine x3, SCV x2  
  57  4:57  Siege Tank  
  57  4:59  Liberator  
  60  5:00  Marine x3  
  63  5:18  Barracks, Marine x3  
  63  5:19  Barracks  
  69  5:21  Supply Depot  
  69  5:35  Marine  
  69  5:42  Marine  
  70  5:43  SCV x2  
  70  5:44  Engineering Bay  
  70  5:46  Supply Depot, Engineering Bay  
  67  6:21  Marine x5  
  72  6:25  Siege Tank  
  72  6:26  Medivac x2  
  79  6:39  Marine x2  
  80  6:50  Marine  
  80  6:51  Marine x2  
  72  6:54  Missile Turret  
  72  6:55  Missile Turret  
  72  7:00  Missile Turret  
  70  7:04  Missile Turret  
  70  7:05  SCV x2  
  70  7:06  Terran Infantry Weapons Level 1, Marine x2, Terran Infantry Armor Level 1, Missile Turret  
  74  7:13  Missile Turret  
  74  7:18  Marine  
  74  7:20  Barracks Reactor x2  
  75  7:23  SCV  
  75  7:24  SCV  
  75  7:26  Refinery  
  75  7:27  Refinery  
  77  7:35  SCV, Missile Turret  
  77  7:36  Marine, SCV  
  78  8:00  Marine x2  
  78  8:01  Marine x4  
  78  8:02  Marine  
  78  8:04  Combat Shields  
  85  8:16  Supply Depot  
  85  8:18  Marine  
  86  8:33  Supply Depot  
  86  8:38  Marine x5, SCV x2  
  93  8:42  Liberator x2  
  93  8:45  Refinery  
  93  8:54  Siege Tank  
  100  9:08  Missile Turret  
  100  9:09  Supply Depot  
  100  9:10  SCV x2  
  102  9:21  Supply Depot  
  102  9:31  Marine x5  
  105  9:32  Supply Depot  
  104  10:15  Marine x3  
  104  10:18  Medivac x2  
  104  10:20  Missile Turret  
  111  10:22  Marine x2, Siege Tank  
  111  10:23  Marine x2  
  111  10:24  Starport  
  111  10:27  Supply Depot  
  118  10:34  Supply Depot  
  118  10:35  Marine x3, Armory  
  121  10:40  Marine  
  122  10:47  Marine x2  
  122  10:48  Marine  
  125  11:12  Marine x3  
  125  11:13  Marine x4  
  132  11:33  Marine x5  
  132  11:34  Marine x2  
  139  11:44  Supply Depot  
  139  11:48  Command Center  
  138  12:20  Marine x2  
  138  12:21  Marine x5  
  145  12:40  Command Center  
Show
View Real Time Build Order
Export as new Build Order

Bcblond Zerg 

Build Orders: Hatch First, Muta Ling Bane 

Get SALT Encoding   

  12  0:03  Drone  
  13  0:12  Overlord  
  13  0:18  Drone  
  14  0:30  Drone x2  
  16  0:36  Drone  
  17  0:53  Hatchery  
  17  0:55  Drone  
  17  1:00  Extractor  
  17  1:02  Drone  
  17  1:14  Spawning Pool  
  16  1:24  Drone x2  
  18  1:29  Drone  
  19  1:46  Overlord  
  19  2:03  Queen  
  19  2:04  Zergling x2  
  19  2:05  Zergling x2  
  19  2:06  Queen  
  25  2:10  Metabolic Boost  
  25  2:14  Drone  
  26  2:17  Zergling x2  
  27  2:30  Drone  
  27  2:31  Drone x2  
  27  2:35  Extractor  
  29  2:50  Lair  
  29  2:52  Zergling x2, Drone x2  
  32  3:04  Zergling x4  
  32  3:05  Drone  
  34  3:18  Extractor, Drone  
  34  3:19  Drone  
  35  3:20  Extractor  
  35  3:21  Overlord  
  34  3:30  Drone  
  35  3:41  Drone x2  
  36  3:42  Drone x3  
  40  3:55  Spire  
  40  3:56  Drone  
  40  3:57  Overlord  
  40  3:58  Drone  
  40  4:01  Drone  
  42  4:10  Spore Crawler  
  42  4:16  Queen  
  43  4:26  Zergling x2, Drone x2  
  43  4:27  Zergling x4  
  48  4:35  Baneling Nest  
  47  4:39  Overlord  
  47  4:46  Overlord  
  47  4:59  Zergling x2  
  49  5:00  Zergling x2  
  49  5:07  Mutalisk  
  49  5:08  Mutalisk x3  
  49  5:14  Overlord  
  57  5:20  Zerg Flyer Weapons Level 1  
  57  5:22  Mutalisk  
  59  5:33  Mutalisk x2  
  63  5:37  Overlord  
  63  5:42  Mutalisk  
  65  5:47  Mutalisk  
  67  5:55  Overlord  
  67  5:58  Mutalisk  
  52  6:17  Zergling x10  
  45  6:26  Zergling x4  
  45  6:28  Baneling  
  45  6:29  Baneling  
  40  7:00  Drone  
  41  7:02  Hatchery  
  41  7:07  Mutalisk  
  42  7:14  Mutalisk  
  44  7:26  Mutalisk  
  44  7:47  Mutalisk  
  44  7:48  Mutalisk x2  
  46  8:07  Zergling x10  
  51  8:30  Hatchery  
  50  8:39  Drone x2  
  52  9:02  Burrow  
  50  9:03  Centrifical Hooks  
  50  9:12  Zergling x4  
  50  9:16  Drone x2  
  54  9:26  Drone  
  54  9:27  Drone  
  56  9:32  Drone x2  
  56  9:57  Baneling x10  
  56  10:00  Zergling x2  
  56  10:01  Zergling x8  
  56  10:04  Zergling x2  
  54  10:09  Drone x2  
  56  10:15  Baneling  
  56  10:34  Drone  
  56  10:35  Drone x8  
  65  10:42  Extractor  
  64  10:45  Roach Warren  
  64  10:46  Evolution Chamber, Zergling x2  
  64  10:47  Zergling x2  
  64  10:49  Baneling x2  
  64  10:57  Drone x2  
  53  11:14  Baneling x2  
  47  11:24  Zergling x2  
  47  11:25  Zergling x10  
  53  11:29  Baneling  
  53  11:30  Baneling x5  
  51  11:40  Zergling x6  
  46  11:58  Baneling  
  36  12:14  Baneling x4  
Tags
 
Add a new tag
Caveats
  • Supply blocks, unpowered buildings, or Contaminate may cause inaccurate times.
  • Supply counts are checked every 10 seconds.